 Dungeon Crawl Stone Soup version 0.30-b1-5-g8e6c1be481 (webtiles) character file.

Game seed: 8085615141120493171

8 Mysteryquy the Trooper (level 2, -2/24 HPs)
             Began as a Demonspawn Fighter on May 4, 2023.
             Slain by a kobold
             ... wielding a +0 short sword
              (4 damage)
             ... on level 2 of the Dungeon.
             The game lasted 00:00:28 (259 turns).

Mysteryquy the Trooper (Demonspawn Fighter)          Turns: 259, Time: 00:00:29

Health: -2/24      AC:  6    Str: 16    XL:     2   Next: 0%
Magic:  2/2        EV:  8    Int:  9    God:
Gold:   30         SH:  4    Dex: 14    Spells: 1/1 levels left

rFire   . . .        a - +0 flail
rCold   . . .        c - +0 buckler
rNeg    . . .        b - +0 scale mail
rPois   .            (no helmet)
rElec   .            (no cloak)
rCorr   .            (no gloves)
SInv    .            (no boots)
Will    .....        (no amulet)
Stlth   +            (no ring)
HPRegen 0.24/turn    (no ring)
MPRegen 0.08/turn

%: no passive effects
@: no status effects
A: thin skeletal structure 1
a: no special abilities


You were on level 2 of the Dungeon.
You visited 1 branch of the dungeon, and saw 2 of its levels.

You collected 30 gold pieces.

Inventory:

Hand Weapons
 a - a +0 flail (weapon)
Missiles
 f - 7 poisoned darts (quivered)
Armour
 b - a +0 scale mail (worn)
 c - a +0 buckler (worn)
Jewellery
 g - a ring of resist corrosion
Scrolls
 e - a scroll of identify {unknown}
Potions
 d - a potion of might
 h - a potion of flight {unknown}


   Skills:
 + Level 3.1 Fighting
 + Level 2.0 Maces & Flails
 + Level 2.8 Armour
 + Level 2.8 Shields


You had one spell level left.
You didn't know any spells.
Your spell library contained the following spells:

 Spells                   Type           Power      Damage    Failure   Level
 Cigotuvi's Dreadful Rot  Necr/Pois/Air  0%         N/A       96%         2
 Ignite Poison            Fire/Tmut/Pois 0%         N/A       99%         3
 Freezing Cloud           Conj/Ice/Air   0%         6-21      100%        5


Dungeon Overview and Level Annotations

Branches:
Dungeon (1/15)

Altars:


Innate Abilities, Weirdness & Mutations

You have a somewhat thin skeletal structure. (Dex +2, Stealth+)


Message History

The kobold hits you but does no damage. The kobold barely misses you.
The kobold hits you with a +0 short sword.
The kobold hits you with a +0 short sword.
The kobold hits you but does no damage.
The kobold hits you with a +0 short sword.
The kobold hits you with a +0 short sword.
The kobold barely misses you. The kobold hits you but does no damage.
The kobold hits you but does no damage. The kobold hits you but does no damage.
The kobold hits you with a +0 short sword.
The kobold barely misses you. The kobold hits you but does no damage.
The kobold completely misses you. The kobold barely misses you.
You block the kobold's attack. You block the kobold's attack.
The kobold hits you with a +0 short sword.
The kobold hits you but does no damage. The kobold barely misses you.
The kobold barely misses you.
The kobold hits you with a +0 short sword.
You block the kobold's attack.
The kobold hits you with a +0 short sword.
* * * LOW HITPOINT WARNING * * *
The kobold hits you with a +0 short sword.
* * * LOW HITPOINT WARNING * * *
The kobold closely misses you. The kobold closely misses you.
You block the kobold's attack. You block the kobold's attack.
The kobold barely misses you. The kobold barely misses you.
The kobold hits you but does no damage. The kobold closely misses you.
The kobold hits you with a +0 short sword.
* * * LOW HITPOINT WARNING * * *
The kobold hits you with a +0 short sword.
You die...

#.# #.# #.#
#.#
#########.#
###.........#
#...#########
#.#######.###
#.....K@..#
###########


You could see a kobold.

Vanquished Creatures
  A worm (D:2)
  2 endoplasms (D:2)
  A bat (D:2)
  A frilled lizard (D:2)
  A rat (D:2)
6 creatures vanquished.

Notes
Turn   | Place    | Note
-------+----------+-------------------------------------------
     0 | D:1      | Mysteryquy the Demonspawn Fighter began the quest for the
                  | Orb.
     0 | D:1      | Reached XP level 1. HP: 18/18 MP: 1/1
     2 | D:1      | You fall into a shaft and drop 1 floor!
   147 | D:2      | Gained mutation: You have a somewhat thin skeletal
                  | structure. (Dex +2, Stealth+) [demonic ancestry]
   147 | D:2      | Reached XP level 2. HP: 15/24 MP: 2/2
   259 | D:2      | Slain by a kobold

Illustrated notes

Levels and vault maps discovered:
D:1:      dpeg_arrival_snail, layout_basic,
          shapermc_ecumenical_altar_totnotflames, minmay_tiny_reverse_x
D:2:      layout_loops_ring, st_stairs_4, dk_vineyard_3, minmay_pentomino_s4

Skill      XL: |  1 |
---------------+----+-----
Maces & Flails | 2 |  2.0
Fighting       | |  3.1
Armour         | |  2.8
Shields        | |  2.8

Action                     || total
---------------------------++-------
  Melee: Flail             ||    23
 Armour: Scale mail        ||    28
  Dodge: Dodged            ||    36
  Block: Buckler           ||    10
